 Dungeon Crawl Stone Soup version 0.28.0-62-gf88900778d (webtiles) character file.

Game seed: 14773761167332409223

817 cbfl8 the Chopper (level 7, -13/55 HPs)
             Began as a Demonspawn Berserker on Apr 13, 2024.
             Was a Priest of Trog.
             Mangled by an ogre
             ... wielding a +0 giant club
              (21 damage)
             ... on level 5 of the Dungeon.
             The game lasted 00:05:56 (6807 turns).

cbfl8 the Chopper (Demonspawn Berserker)            Turns: 6807, Time: 00:05:56

Health: -13/55     AC:  9    Str: 23    XL:     7   Next: 62%
Magic:  7/7        EV:  8    Int:  9    God:    Trog [***...]
Gold:   229        SH:  5    Dex: 16    Spells: 6/6 levels left

rFire   . . .      SeeInvis .   n - +0 war axe
rCold   . . .      Faith    .   (no shield)
rNeg    . . .      Spirit   .   q - +0 chain mail
rPois   .          Reflect  +   (no helmet)
rElec   .          Harm     .   (no cloak)
rCorr   .          Rampage  .   (no gloves)
Will    .....                   (no boots)
Stlth   ..........              i - amulet of reflection
HPRegen 0.18/turn               j - +6 ring of strength
MPRegen 0.20/turn               (no ring)

@: no status effects
A: thin skeletal structure 1, ignite blood 1, magic regeneration
a: Renounce Religion, Berserk, Trog's Hand


You were on level 5 of the Dungeon.
You worshipped Trog.
Trog was most pleased with you.
You visited 1 branch of the dungeon, and saw 5 of its levels.

You collected 229 gold pieces.

Inventory:

Hand Weapons
 n - a +0 war axe (weapon)
Armour
 q - a +0 chain mail (worn)
Jewellery
 i - an amulet of reflection (around neck)
 j - a +6 ring of strength (left hand)
Scrolls
 a - a scroll of amnesia {unknown}
 f - a scroll of magic mapping {unknown}
 k - 3 scrolls of teleportation {unknown}
 p - a scroll of identify {unknown}
 r - a scroll of noise {unknown}
Potions
 b - 2 potions of flight {unknown}
 d - a potion of resistance {unknown}
 e - 2 potions of brilliance {unknown}
 g - a potion of cancellation
 h - 3 potions of berserk rage {unknown}
 o - a potion of haste {unknown}


   Skills:
 + Level 4.7 Fighting
 + Level 5.5 Axes
 + Level 4.2 Armour
 - Level 1.7 Dodging
 + Level 0.7 Shields
 * Level 3.3 Evocations


You had 6 spell levels left.
You didn't know any spells.
Your spell library was empty.

Dungeon Overview and Level Annotations

Branches:
Dungeon (5/15)
 Temple: D:4-7

Altars:

Shops:
D:4 (*

Annotations:
D:3 2 transporters, peterlawrence's ghost, amateur MiFi


Innate Abilities, Weirdness & Mutations

You have a somewhat thin skeletal structure. (Dex +2, Stealth+)
Your demonic aura sometimes causes spilled blood to erupt in flames.
You regenerate magic rapidly.


Message History

The bullfrog zombie is heavily damaged.
The bullfrog zombie hits you.
The bullfrog zombie hits you but does no damage.
A bullfrog zombie is nearby!
You slash the bullfrog zombie!
The bullfrog zombie is almost destroyed.
The bullfrog zombie hits you but does no damage.
A bullfrog zombie is nearby!
A bullfrog zombie is nearby!
You barely miss the bullfrog zombie.
The bullfrog zombie is almost destroyed.
The bullfrog zombie barely misses you. The bullfrog zombie hits you.
A bullfrog zombie is nearby!
You slash the bullfrog zombie!
You destroy the bullfrog zombie!
Trog accepts your kill.
You open the door.
There is an open door here.
You open the door.
There is an open door here.
There is an open door here.
Found a halberd.
No target in view!
An ogre comes into view. It is wielding a +0 giant club.
Found a stone staircase leading down.
An ogre is nearby!
An ogre is nearby!
The ogre hits you with a +0 giant club!!
An ogre is nearby!
You hit the ogre.
The ogre is lightly wounded.
The ogre hits you with a +0 giant club!!
Ouch! That really hurt!
* * * LOW HITPOINT WARNING * * *
An ogre is nearby!
You are too injured to fight recklessly!
The ogre is engulfed in blazing flames.
The ogre is engulfed in blazing flames.
The ogre hits you with a +0 giant club!!
You die...

#.....# #.. +.....# #..
#.....# #..
#####.....###########..
#......................
#......................
#......................
#....O...........).....
#.....@................
#......................
#..<...................
#......................
####......#######+###+#
#......# #......#
#......# #......#


You could see an ogre.

Vanquished Creatures
  A necrophage (D:4)
  3 ogres
  A phantom (D:4)
  A water moccasin zombie (D:5)
  A bullfrog zombie (D:5)
  An orc priest (D:3)
  3 iguanas (D:4)
  2 orc wizards (D:4)
  6 adders
  An adder skeleton (D:2)
  A worm (D:3)
  A dart slug (D:4)
  14 orcs
  14 endoplasms
  6 giant cockroaches
  4 goblins
  7 hobgoblins
  9 jackals
  11 kobolds
  2 quokkas
  4 ball pythons
  7 bats
  A frilled lizard (D:3)
  6 rats
107 creatures vanquished.

Vanquished Creatures (others)
  2 plants (D:1)
2 creatures vanquished.

Grand Total: 109 creatures vanquished

Notes
Turn   | Place    | Note
-------+----------+-------------------------------------------
     0 | D:1      | cbfl8 the Demonspawn Berserker began the quest for the Orb.
     0 | D:1      | Reached XP level 1. HP: 18/18 MP: 1/1
     1 | D:1      | Found a runed translucent door.
   492 | D:1      | Found a faded altar of an unknown god.
   497 | D:1      | Gained mutation: You regenerate magic rapidly. [demonic
                  | ancestry]
   497 | D:1      | Reached XP level 2. HP: 18/24 MP: 2/2
   782 | D:1      | Reached skill level 3 in Axes
  2025 | D:1      | Gained mutation: Your demonic aura sometimes causes spilled
                  | blood to erupt in flames. [demonic ancestry]
  2025 | D:1      | Reached XP level 3. HP: 29/29 MP: 3/3
  2048 | D:1      | Reached skill level 1 in Evocations
  2616 | D:2      | Reached ** piety under Trog
  2797 | D:2      | Gained mutation: You have a somewhat thin skeletal
                  | structure. (Dex +2, Stealth+) [demonic ancestry]
  2797 | D:2      | Reached XP level 4. HP: 24/36 MP: 4/4
  3126 | D:3      | Found a transporter.
  3129 | D:3      | Noticed peterlawrence's ghost (amateur MiFi)
  3575 | D:3      | Found a transporter.
  3669 | D:3      | Reached skill level 4 in Axes
  3889 | D:3      | Reached XP level 5. HP: 41/42 MP: 5/5
  4981 | D:4      | Noticed an ogre
  4985 | D:4      | Killed an ogre
  4986 | D:4      | Reached XP level 6. HP: 26/48 MP: 6/6
  5145 | D:4      | Reached *** piety under Trog
  5657 | D:4      | Found Ybbuz's Antique Weapon Boutique.
  5681 | D:4      | Reached skill level 5 in Axes
  5681 | D:4      | Reached XP level 7. HP: 36/55 MP: 7/7
  5822 | D:4      | Found Ipaig's Assorted Antiques.
  5929 | D:5      | Entered Level 5 of the Dungeon
  6769 | D:5      | HP: 1/55 [ogre/+0 giant club (28)]
  6807 | D:5      | Mangled by an ogre

Illustrated notes

Levels and vault maps discovered:
D:1:      dpeg_arrival_caged_fury, layout_basic,
          hellmonk_ecumenical_altar_dog_temple, minmay_misc_feat_cross,
          hangedman_decor_points, minmay_misc_feat_enclosed, chequers_big_river,
          bh_walls_and_bars
D:2:      layout_basic
D:3:      kb_forest_paths, layout_basic, gammafunk_ghost_arena,
          hangedman_feature_mirror
D:4:      layout_loops_ring, serial_shops, nicolae_lakefront_shop,
          minmay_shop_grid_forest
D:5:      layout_gridville, minitemple, nicolae_figureground_sparkle

Skill      XL: |  1  2  3  4  5  6  7 |
---------------+----------------------+-----
Axes           | 3 4 5 |  5.5
Armour         | 2 3 4 |  4.2
Evocations     | 1 2 3 |  3.3
Fighting       | 4 |  4.7
Dodging        | |  1.7
Shields        | |  0.7

Action                   |  1- 3 |  4- 6 |  7- 9 || total
-------------------------+-------+-------+-------++-------
Melee: Hand axe          |   124 |    10 |       ||   134
       Punch             |     1 |     4 |     1 ||     6
       War axe           |       |   160 |    41 ||   201
Invok: Trog's Hand       |     1 |       |       ||     1
       Berserk           |       |     1 |     2 ||     3
  Use: Potion            |     2 |     1 |     1 ||     4
       Scroll            |       |       |     3 ||     3
Armor: Animal skin       |    21 |       |       ||    21
       Ring mail         |    11 |    12 |       ||    23
       Chain mail        |       |    44 |    15 ||    59
Dodge: Dodged            |    84 |    65 |    10 ||   159
Block: Other             |     6 |    27 |    12 ||    45
       Reflection        |     1 |       |       ||     1
